Cogmind - Beta 15 @@@ ROGUE MODE // 2025.06.05 @ 16:57:15 Player: Nisakard Result: Self-destructed Performance ------------- Evolutions (3) 1500 Regions Visited (10) 2000 Robots Destroyed (174) 870 Value Destroyed (4514) 4514 Prototype IDs (49) 980 Alien Tech Used (0) 0 Bonus (600) 600 TOTAL SCORE: 10464 Bonus ------- Aligned with FarCom 300 Met Data Miner 300 Cogmind --------- Core Integrity 364/700 Matter 300/300 Energy 290/290 System Corruption 5% Temperature Cool (0) Movement Treading (325) Ox2 Location -7/Data Miner Parts ------- > --- POWER (1) -------- Improved Deuterium Engine > --- PROPULSION (4) --- Armored Treads Medium Treads > --- UTILITY (5) ------ Huge Storage Unit Core Analyzer Utility Shielding (fused) Improved Light Armor Plating System Shield > --- WEAPON (3) ------- Precision Shock Rifle Precision Shock Rifle Precision Shock Rifle > --- INVENTORY (25) --- Heavy Ion Engine Deuterium Engine Nuclear Core Wheel Armored Wheel Improved Heat Sink Improved Signal Interpreter Advanced Targeting Computer Melee Analysis Suite Precision Matter Filter Microactuators Actuator Array Transmission Jammer Improved Transmission Jammer Cloak of Protection Hacking Suite System Shield System Shield Precision Shock Rifle High-powered Field Laser Gauss Rifle Improved Grenade Launcher Remote Datajack Greatsword Peak State ------------ > --- POWER ------------ Reinforced Deuterium Engine > --- PROPULSION ------- Armored Treads Armored Treads Armored Treads Armored Treads > --- UTILITY ---------- Huge Storage Unit Core Analyzer Improved Medium Armor Plating Hacking Suite System Shield > --- WEAPON ----------- Precision Shock Rifle Precision Shock Rifle Precision Shock Rifle > --- INVENTORY -------- Heavy Ion Engine Deuterium Engine Nuclear Core Armored Treads Wheel Armored Wheel Improved Heat Sink Improved Signal Interpreter Advanced Targeting Computer Melee Analysis Suite Microactuators Actuator Array Transmission Jammer Cloak of Protection Improved Propulsion Shielding Utility Shielding Hacking Suite System Shield System Shield Precision Shock Rifle Precision Shock Rifle Gauss Rifle Improved Grenade Launcher Datajack Remote Datajack [Rating: 54] Favorites ----------- Power Heavy Ion Engine Engine Heavy Ion Engine Power Core Light Nuclear Core Propulsion Armored Treads Treads Armored Treads Wheel Wheel Hover Unit Aerolev Unit Flight Unit Improved Flight Unit Utility Hacking Suite Device Seismic Detector Storage High-capacity Storage Unit Processor Visual Processing Unit Hackware Hacking Suite Protection Hardened Medium Armor Plating Weapon Precision Shock Rifle Energy Gun Precision Shock Rifle Energy Cannon Heavy Particle Cannon Ballistic Gun Improved Assault Rifle Ballistic Cannon Slug Cannon Launcher Advanced EMP Blaster Special Weapon Remote Datajack Slashing Weapon Greatsword Special Melee Weapon Datajack Build | -11 -10 -10 -9 -9 -9 -8 -8 -7 -7 -7 ------- Run | Yrd Mat Min Mat Min Exi Min Mat Fac Low Dat Slots Evolved 6 | . . . 2 . . . 2 2 . . Power . | . . . . . . . . . . . Propulsion 2 | . . . 1 . . . . 1 . . Utility 3 | . . . 1 . . . 1 1 . . Weapon 1 | . . . . . . . 1 . . . Parts Attached 102 | 8 14 3 26 3 1 1 21 21 4 . Power 13 | 1 3 2 4 . . . 1 1 1 . Engine 11 | 1 3 1 3 . . . 1 1 1 . Core 2 | . . 1 1 . . . . . . . Reactor . | . . . . . . . . . . . Propulsion 30 | 2 4 . 8 3 . . 9 3 1 . Treads 15 | 2 . . 3 . . . 6 3 1 . Leg . | . . . . . . . . . . . Wheel 13 | . 4 . 4 3 . . 2 . . . Hover 1 | . . . . . . . 1 . . . Flight 1 | . . . 1 . . . . . . . Utility 22 | 2 3 . 5 . 1 . 4 6 1 . Device 3 | 1 1 . . . . . . 1 . . Storage 6 | 1 2 . 1 . 1 . 1 . . . Processor 2 | . . . . . . . 1 1 . . Hackware 2 | . . . 1 . . . . 1 . . Protection 9 | . . . 3 . . . 2 3 1 . Artifact . | . . . . . . . . . . . Weapon 37 | 3 4 1 9 . . 1 7 11 1 . Energy Gun 18 | 2 1 . 6 . . . . 9 . . Energy Cannon 5 | . . . 2 . . . 3 . . . Ballistic Gun 7 | 1 2 . 1 . . 1 2 . . . Ballistic Cannon 2 | . . 1 . . . . 1 . . . Launcher 2 | . . . . . . . 1 1 . . Special Weapon 1 | . . . . . . . . 1 . . Impact Weapon . | . . . . . . . . . . . Slashing Weapon 1 | . . . . . . . . . 1 . Piercing Weapon . | . . . . . . . . . . . Special Melee Weapon 1 | . 1 . . . . . . . . . Unidentified Prototypes 9 | . . . 5 . . . 2 2 . . Parts Lost 25 | . 5 1 3 2 . . 9 2 1 2 Power 3 | . 1 . 1 . . . 1 . . . Propulsion 8 | . 1 . 1 1 . . 3 . . 2 Utility 4 | . . 1 . . . . . 2 1 . Weapon 10 | . 3 . 1 1 . . 5 . . . Highest Loss Streak 4 | . 4 1 1 1 . . 4 1 1 2 To Critical Strikes . | . . . . . . . . . . . Average Backups 20 | 1 14 19 19 19 19 20 22 23 23 24 Power 2 | . 1 2 1 2 2 2 1 3 3 3 Propulsion 3 | . 5 6 4 2 3 3 2 3 2 2 Utility 10 | . 4 6 6 8 9 10 13 12 12 13 Weapon 3 | . 2 3 5 5 4 4 2 3 5 5 Tool/Special . | . . . . . . . . . . . Unused Backups 39 | . . 2 8 . 1 . 9 3 . 16 Power 7 | . . . 3 . . . . 2 . 2 Propulsion 2 | . . 1 . . . . 1 . . . Utility 21 | . . . 2 . . . 6 . . 13 Weapon 9 | . . 1 3 . 1 . 2 1 . 1 Tool/Special . | . . . . . . . . . . . Average Slot Usage (%) 98 | . 98 99 98 99 100 100 96 97 98 99 Engine 9 | . 13 13 8 11 11 11 8 7 7 7 Treads 18 | . 3 . 10 11 11 11 24 29 30 29 Wheel 10 | . 24 28 21 21 22 22 1 . . . Device 2 | . 14 13 . . . . . . . . Storage 9 | . 14 14 10 11 11 11 9 7 7 7 Processor 4 | . . . . . . . 9 6 7 7 Hackware 9 | . . . 10 11 11 11 9 14 12 7 Protection 7 | . . . 10 11 11 11 8 6 9 15 Energy Gun 10 | . 17 14 17 8 . . . 13 18 23 Energy Cannon 4 | . . . . 11 11 11 8 2 . . Ballistic Gun 4 | . 9 4 1 . . 8 7 3 . . Ballistic Cannon 3 | . . 9 1 1 11 2 8 2 . . Peak Build Rating 54 | 7 12 16 25 24 25 25 39 54 53 53 Average Rating 32 | 5 10 13 22 22 24 24 35 48 51 52 On Entrance 24 | . 7 11 15 22 24 25 24 37 51 53 Naked Turns . | . . . . . . . . . . . Heaviest Build 118 | 13 88 57 63 67 67 67 112 118 110 106 Greatest Support 88 | 40 40 30 30 26 22 22 60 80 88 88 Greatest Overweight (x) 6 | . 3 1 3 6 3 3 5 2 1 1 Average Overweight (x) 1 | . 1 1 2 2 3 2 1 1 1 1 Largest Inventory Capacity 25 | 8 25 20 20 20 20 20 25 25 25 25 Average Capacity 22 | 6 18 20 19 20 20 20 23 25 25 25 Most Carried 25 | 3 19 20 20 20 20 20 25 25 25 25 Average Carried 21 | 1 14 19 19 19 19 20 22 24 24 25 Final Capacity 25 | 8 20 20 20 20 20 20 25 25 25 25 Final Carried 25 | 2 19 20 20 19 20 20 25 23 25 25 Class Distribution -------------------- 38% | Mutant 19% | Skirmisher 16% | Hacker-Skirmisher 12% | Scavenger-Mutant 4% | Hacker-Gunner 4% | Tank Dominant Class ---------------- Mutant | -10/Materials Scavenger-Mutant | -10/Mines Mutant | -9/Materials Mutant | -9/Mines Mutant | -9/Exiles Mutant | -8/Mines Skirmisher | -8/Materials Hacker-Skirmisher | -7/Factory Hacker-Gunner | -7/Lower Caves Tank | -7/Data Miner Resources | -11 -10 -10 -9 -9 -9 -8 -8 -7 -7 -7 ----------- Run | Yrd Mat Min Mat Min Exi Min Mat Fac Low Dat Matter Collected 3874 | 290 299 151 719 41 27 10 1084 984 269 . Remotely . | . . . . . . . . . . . Salvage Created 5955 | 118 739 224 1753 199 . . 1129 1270 523 . Parts 368 | 5 52 18 108 12 . . 79 77 17 . Haulers Intercepted 13 | . 2 . 5 . . . 5 . 1 . Recyclers Shooed 5 | . . . 2 . . . 2 1 . . Parts Field Recycled . | . . . . . . . . . . . Retrieved Matter . | . . . . . . . . . . . Parts Self-Destructed 6 | . . . . . . . . . 6 . Prevented 11 | . . . . . . . . . 11 . Kills | -11 -10 -10 -9 -9 -9 -8 -8 -7 -7 -7 ------- Run | Yrd Mat Min Mat Min Exi Min Mat Fac Low Dat Combat Hostiles Destroyed 128 | . 15 11 29 13 . . 25 27 8 . Melee 7 | . . . . . . . 3 . 4 . Guns 68 | . 13 8 23 2 . . 6 13 3 . Cannons 43 | . . 3 6 11 . . 16 7 . . AOE 8 | . 2 . . . . . . 6 . . Classes Destroyed 16 | 2 7 . 2 1 . . 2 2 . . Worker 9 | . 6 . 1 . . . 1 1 . . Builder 5 | . . . 1 . . . 2 2 . . Tunneler 3 | 1 1 . . . . . 1 . . . Hauler 13 | . 2 . 5 . . . 5 . 1 . Recycler 6 | 1 . . 4 . . . . 1 . . Operator 6 | . 3 . 3 . . . . . . . Watcher 11 | . 3 . 3 . . . 4 1 . . Swarmer 48 | . 9 9 7 6 . . 10 7 . . Grunt 40 | . 5 2 13 . . . 3 10 7 . Brawler 2 | . . . . . . . . 1 1 . Sentry 18 | . . . 9 . . . 7 2 . . Specialist 2 | . . . . . . . 2 . . . Hunter 5 | . . . . . . . 3 2 . . Programmer 5 | . . . . . . . . 5 . . Subdweller 1 | . 1 . . . . . . . . . Assembled 7 | . . . . 7 . . . . . . Best Kill Streak 7 | 2 4 3 6 3 . . 5 7 5 . Combat Bots Only 5 | . 3 3 4 3 . . 4 5 5 . Max Kills in Single Turn 3 | 1 3 1 2 1 . . 2 2 1 . Gunslinging 1 | . . . 1 . . . . . . . Exploded 2 | . 2 . . . . . . 2 . . Melee 1 | . . . . . . . 1 . 1 . Uniques/NPCs Destroyed . | . . . . . . . . . . . Combat | -11 -10 -10 -9 -9 -9 -8 -8 -7 -7 -7 -------- Run | Yrd Mat Min Mat Min Exi Min Mat Fac Low Dat Hostile Shots Fired 725 | . 88 36 121 41 . . 220 170 37 12 Missed 175 | . 18 11 22 10 . . 49 53 7 5 Hits 550 | . 70 25 99 31 . . 171 117 30 7 Melee 1 | . . . . 1 . . . . . . Projectile 549 | . 70 25 99 30 . . 171 117 30 7 Critical Strikes 18 | . . . 6 . . . 9 3 . . Actively Blocked 1 | . . . . . . . . 1 . . Part Disruptions 4 | . . . . 1 . . . 3 . . Actively Blocked 1 | . . . . . . . . 1 . . Damage Taken 7966 | . 773 222 1371 309 . . 2639 1812 518 322 Core 1242 | . 160 82 199 21 . . 444 199 91 46 Absorbed by Shields 124 | . . . . . . . . 124 . . Redirected to Shielding 107 | . . . . . . . . 103 4 . Regen/Repaired (Parts) 1032 | . . . 446 . . . 338 248 . . Core Remaining (%) 41 | 100 . 3 . . . 45 19 . . . Volleys Fired 441 | 3 66 21 132 28 . 1 96 76 17 1 Largest 3 | 2 2 2 2 2 . 2 3 3 3 1 Hottest 178 | 80 80 100 113 101 . 81 178 165 165 55 Shots Fired 969 | 6 117 42 253 53 . 2 257 197 40 2 Gun 625 | 6 117 21 213 22 . 1 75 130 38 2 Cannon 332 | . . 21 40 31 . 1 182 57 . . Launcher 8 | . . . . . . . . 8 . . Special 4 | . . . . . . . . 2 2 . Kinetic 372 | . 53 21 64 3 . 1 164 66 . . Thermal 253 | . 13 21 113 . . . 65 41 . . Explosive 2 | . . . . . . . . 2 . . Electromagnetic 338 | 6 51 . 76 50 . 1 28 86 38 2 Robot Hit Streak 22 | 2 11 6 14 7 . 1 7 14 22 2 Robot Miss Streak 5 | 1 3 5 5 4 . 1 5 5 1 . Penetration Max . | . . . . . . . . . . . Secondary Targets 2 | . . . 1 . . . . . 1 . Max Gunslinging Chain 1 | . . . 1 . . . . . 1 . Shots Hit Robots 554 | 3 79 15 143 36 . 1 124 116 36 1 Core Hits 257 | 3 41 12 56 12 . 1 45 70 16 1 Critical Kills 3 | . . . . . . . 2 1 . . Critical Parts Destroyed 4 | . . . 1 1 . . 2 . . . Critical Strikes 17 | . 1 . 6 1 . . 5 3 1 . Burn 4 | . . . 4 . . . . . . . Meltdown 1 | . . . . . . . . 1 . . Destroy 6 | . . . 1 1 . . 4 . . . Blast 1 | . . . . . . . . 1 . . Corrupt 4 | . 1 . 1 . . . 1 1 . . Sever 1 | . . . . . . . . . 1 . Melee Attacks 3 | . . . . . . . . . 3 . Impact . | . . . . . . . . . . . Slashing 3 | . . . . . . . . . 3 . Piercing . | . . . . . . . . . . . Sneak Attacks 1 | . . . . . . . . . 1 . Combat Hostiles . | . . . . . . . . . . . Follow-up Attacks . | . . . . . . . . . . . Damage Inflicted 11313 | 40 1278 338 2633 648 . 14 2916 2502 931 13 Guns 6002 | 40 1077 244 2116 181 . 14 577 1092 648 13 Cannons 3986 | . . 94 452 467 . . 2242 731 . . Explosions 1011 | . 201 . 53 . . . . 669 88 . Melee 162 | . . . . . . . . . 162 . Ramming 152 | . . . 12 . . . 97 10 33 . Kinetic 3371 | . 416 94 730 48 . 14 1309 760 . . Thermal 3671 | . 371 244 1216 . . . 1050 702 88 . Explosive 118 | . . . . . . . . 118 . . Electromagnetic 3839 | 40 491 . 675 600 . . 460 912 648 13 Impact . | . . . . . . . . . . . Slashing 162 | . . . . . . . . . 162 . Piercing . | . . . . . . . . . . . Highest Corruption 5 | . . . . . . . 2 5 5 5 Average Corruption 2 | . . . . . . . 2 2 5 5 Corruption Purged . | . . . . . . . . . . . Corruption Blocked . | . . . . . . . . . . . Effects 100 | . . . . . . . 28 32 35 5 Message Errors 27 | . . . . . . . 8 9 10 . Matter Fused 27 | . . . . . . . 9 10 7 1 Heat Flow Errors 10 | . . . . . . . 3 2 3 2 Energy Discharges 10 | . . . . . . . 1 4 5 . Parts Fused 1 | . . . . . . . . 1 . . Data Loss (minor) 10 | . . . . . . . 3 2 5 . Data Loss (major) 3 | . . . . . . . . 1 1 1 Misfires 6 | . . . . . . . 1 1 3 1 Alerts 4 | . . . . . . . 2 1 1 . Weapon Failures 2 | . . . . . . . 1 1 . . Overload Shots . | . . . . . . . . . . . Overflow Damage 164 | . 19 . 15 23 . . 31 30 46 . Projectiles 69 | . . . 15 23 . . 31 . . . Explosions 49 | . 19 . . . . . . 30 . . Melee 46 | . . . . . . . . . 46 . Knockbacks 13 | . . . 1 1 . . 5 6 . . Impact . | . . . . . . . . . . . Kinetic 12 | . . . 1 1 . . 5 5 . . Secondary 1 | . . . . . . . . 1 . . Self-Inflicted Damage 314 | . 70 . 4 . . . . 185 55 . Shots 7 | . 2 . . . . . . 4 1 . Rammed 32 | . . . 2 . . . 26 1 3 . Targets Rammed 38 | . . . 2 . . . 29 1 6 . Kicked . | . . . . . . . . . . . Crushed 6 | . . . . . . . 3 . 3 . Highest Temperature 722 | 54 84 270 654 240 . 46 722 562 678 120 Average Temperature 139 | 29 25 93 120 92 . 27 169 169 221 43 Received Heat Transfer 2150 | . 108 45 534 140 . . 819 234 270 . Effects 71 | . . . 11 . . . 33 14 13 . Shutdowns 12 | . . . 3 . . . 4 3 2 . Energy Bleed 6 | . . . 1 . . . 4 . 1 . Interference 17 | . . . 3 . . . 7 2 5 . Matter Decay 14 | . . . 2 . . . 6 4 2 . Short Circuit 3 | . . . 1 . . . . 2 . . Damage (minor) 4 | . . . . . . . 2 2 . . Damage (major) 11 | . . . . . . . 8 . 3 . Damage (core) 4 | . . . 1 . . . 2 1 . . Siege Activations . | . . . . . . . . . . . Martial Activations . | . . . . . . . . . . . Shielding Activations . | . . . . . . . . . . . Robots Disrupted 3 | . . . . . . . . 2 1 . Combat Hostiles 3 | . . . . . . . . 2 1 . Robots Corrupted 1 | . . . . . . . . . 1 . Combat Hostiles 1 | . . . . . . . . . 1 . Parts Fried 19 | . 2 . 3 3 . . 4 6 1 . Impact Corruptions . | . . . . . . . . . . . Robots Melted 1 | . . . . . . . . 1 . . Combat Hostiles 1 | . . . . . . . . 1 . . Parts Melted 4 | . 1 . 2 . . . . 1 . . Heat Transferred 6257 | . 550 300 2826 . . . 1554 927 100 . Parts Sabotaged . | . . . . . . . . . . . Parts Stolen . | . . . . . . . . . . . Parts Stripped . | . . . . . . . . . . . Power Chain Reactions 9 | . 3 . 1 . . . . 4 1 . Alert | -11 -10 -10 -9 -9 -9 -8 -8 -7 -7 -7 ------- Run | Yrd Mat Min Mat Min Exi Min Mat Fac Low Dat Maximum Alert Level 1 | . . . 1 . . . 1 1 . . Low Security (%) 78 | 100 100 100 97 100 . 100 68 50 . . Level 1 21 | . . . 2 . . . 31 49 . . Level 2 . | . . . . . . . . . . . Level 3 . | . . . . . . . . . . . Level 4 . | . . . . . . . . . . . Level 5 . | . . . . . . . . . . . High Security . | . . . . . . . . . . . Max Security . | . . . . . . . . . . . Peak Influence 346 | 10 89 161 239 91 . . 346 342 . . Initial 153 | . . 28 60 91 . . . 153 . . Average 106 | . 30 34 93 17 . . 123 192 . . Influence Increases 3975 | 10 492 311 953 157 . . 942 890 220 . Destroy 0b10 Robot/C 2400 | . 280 220 580 120 . . 500 540 160 . Destroy 0b10 Robot/NC 265 | 10 75 . 85 . . . 65 25 5 . Destroy Leader 616 | . 70 50 186 20 . . 148 132 10 . Successful Hack 96 | . 20 . 20 . . . 43 13 . . Disable Machine 210 | . 30 . 45 15 . . 45 75 . . Destroy Structure 163 | . 17 11 22 2 . . 66 45 . . Partial Spotted 15 | . . . . . . . 15 . . . Lose Combat Pursuer 210 | . . 30 15 . . . 60 60 45 . Influence Decreases 3975 | 10 419 229 872 370 23 . 605 899 548 . Entered New Map 614 | . . 45 95 145 23 . . 184 122 . Time Decay 2960 | 10 336 174 635 215 . . 469 695 426 . Lost Part 194 | . 50 10 30 10 . . 74 20 . . Purge Threat 207 | . 33 . 112 . . . 62 . . . Squads Dispatched 20 | . 3 . 4 . . . 6 7 . . Investigation 6 | . 1 . 1 . . . 2 2 . . Extermination 5 | . . . . . . . . 5 . . Reinforcement 6 | . 2 . 3 . . . 1 . . . Assault . | . . . . . . . . . . . Garrison 3 | . . . . . . . 3 . . . Intercept . | . . . . . . . . . . . Searches Triggered . | . . . . . . . . . . . Construction Impeded . | . . . . . . . . . . . Haulers Reinforced . | . . . . . . . . . . . Active Scanning Responses . | . . . . . . . . . . . Cargo Convoy Interrupts . | . . . . . . . . . . . Stealth | -11 -10 -10 -9 -9 -9 -8 -8 -7 -7 -7 --------- Run | Yrd Mat Min Mat Min Exi Min Mat Fac Low Dat Distress Signals 9 | . 2 . 4 . . . 3 . . . Communications Jammed . | . . . . . . . . . . . Distress Signals . | . . . . . . . . . . . Times Spotted 201 | . 27 13 49 21 . . 41 34 12 4 Peak Tracking Total 6 | . 4 3 5 4 . . 6 4 5 3 Tactical Retreats 11 | . . 1 1 2 . . 4 2 1 . Traps | -11 -10 -10 -9 -9 -9 -8 -8 -7 -7 -7 ------- Run | Yrd Mat Min Mat Min Exi Min Mat Fac Low Dat Traps Triggered 8 | . . . 2 . . . 2 4 . . Indirectly 1 | . . . . . . . . 1 . . Trap Hack Attempts 8 | . 8 . . . . . . . . . Triggered . | . . . . . . . . . . . Disarmed 1 | . 1 . . . . . . . . . Reprogrammed . | . . . . . . . . . . . Reused . | . . . . . . . . . . . Traps Extracted . | . . . . . . . . . . . Installed . | . . . . . . . . . . . Triggered . | . . . . . . . . . . . Machines | -11 -10 -10 -9 -9 -9 -8 -8 -7 -7 -7 ---------- Run | Yrd Mat Min Mat Min Exi Min Mat Fac Low Dat Machines Disabled 16 | . 2 . 4 1 . . 3 5 . 1 Max in Single Turn 1 | . 1 . 1 1 . . 1 1 . 1 Garrison Access 1 | . . . . . . . 1 . . . Machines Repaired . | . . . . . . . . . . . Machines Dismantled . | . . . . . . . . . . . Machines Sabotaged . | . . . . . . . . . . . Overloaded Fab Kills . | . . . . . . . . . . . Hacking | -11 -10 -10 -9 -9 -9 -8 -8 -7 -7 -7 --------- Run | Yrd Mat Min Mat Min Exi Min Mat Fac Low Dat Machines Accessed 38 | . 7 . 10 . 1 . 9 7 . 4 Terminals 23 | . 6 . 7 . . . 6 4 . . Fabricators . | . . . . . . . . . . . Repair Stations 4 | . . . 2 . . . 1 1 . . Recycling Units 4 | . 1 . 1 . . . 1 1 . . Scanalyzers . | . . . . . . . . . . . Garrison Access 2 | . . . . . . . 1 1 . . Total Hacks 135 | . 23 . 26 . 1 . 35 21 . 29 Successful 91 | . 10 . 17 . 1 . 21 13 . 29 Failed 44 | . 13 . 9 . . . 14 8 . . Catastrophic 14 | . 5 . 3 . . . 3 3 . . Database Lockouts . | . . . . . . . . . . . Manual 41 | . 14 . 4 . 1 . 14 8 . . Terminals 70 | . 21 . 15 . . . 21 13 . . Fabricators . | . . . . . . . . . . . Repair Stations 24 | . . . 10 . . . 8 6 . . Recycling Units 6 | . 2 . 1 . . . 2 1 . . Scanalyzers . | . . . . . . . . . . . Garrison Access 5 | . . . . . . . 4 1 . . Terminal Hacks 61 | . 8 . 6 . 1 . 11 6 . 29 Record 16 | . . . . . . . 1 4 . 11 Part Schematic 11 | . . . . . . . . . . 11 Robot Schematic 4 | . . . . . . . . . . 4 Robot Analysis 1 | . . . 1 . . . . . . . Prototype ID Bank 9 | . 2 . 2 . . . 2 . . 3 Branch Access Points 3 | . . . . . . . 2 1 . . Emergency Access Points 2 | . 1 . . . . . 1 . . . Alert Level 1 | . . . . . . . 1 . . . Unreport Threat 4 | . 2 . 1 . . . 1 . . . Locate Traps 4 | . 2 . 1 . . . 1 . . . Maintenance Status 1 | . 1 . . . . . . . . . Recall Investigation 2 | . . . . . . . 1 1 . . Zone Layout 2 | . . . 1 . . . 1 . . . Proto ID Catalog 1 | . . . . . 1 . . . . . Fabricator Hacks . | . . . . . . . . . . . Repair Station Hacks 23 | . . . 10 . . . 7 6 . . Scan Component 12 | . . . 5 . . . 4 3 . . Repair 11 | . . . 5 . . . 3 3 . . Recycling Unit Hacks 6 | . 2 . 1 . . . 2 1 . . Report Inventory 3 | . 1 . 1 . . . 1 . . . Retrieve Matter 1 | . 1 . . . . . . . . . Retrieve Components 2 | . . . . . . . 1 1 . . Scanalyzer . | . . . . . . . . . . . Garrison Access Hacks 1 | . . . . . . . 1 . . . Seal Access 1 | . . . . . . . 1 . . . Unauthorized Hacks . | . . . . . . . . . . . Terminals . | . . . . . . . . . . . Fabricators . | . . . . . . . . . . . Repair Stations . | . . . . . . . . . . . Recycling Units . | . . . . . . . . . . . Scanalyzers . | . . . . . . . . . . . Garrison Access . | . . . . . . . . . . . Data Cores Recovered 1 | . 1 . . . . . . . . . Used . | . . . . . . . . . . . Hacking Detections 28 | . 6 . 9 . . . 7 6 . . Full Trace Events 4 | . 1 . 1 . . . 1 1 . . Feedback Events . | . . . . . . . . . . . Feedback Blocked . | . . . . . . . . . . . Robot Schematics Acquired 4 | . . . . . . . . . . 4 Robots Built . | . . . . . . . . . . . Authchips . | . . . . . . . . . . . Time . | . . . . . . . . . . . Total Robot Build Rating . | . . . . . . . . . . . Part Schematics Acquired 11 | . . . . . . . . . . 11 Parts Built . | . . . . . . . . . . . Authchips . | . . . . . . . . . . . Time . | . . . . . . . . . . . Total Part Build Rating . | . . . . . . . . . . . Parts Repaired 10 | . . . 5 . . . 3 2 . . Time 475 | . . . 191 . . . 120 164 . . Parts Recycled . | . . . . . . . . . . . Recycled Matter . | . . . . . . . . . . . Retrieved Matter . | . . . . . . . . . . . Retrieved Components 20 | . . . . . . . 10 10 . . Parts Scanalyzed . | . . . . . . . . . . . Part Schematics Acquired . | . . . . . . . . . . . Parts Damaged . | . . . . . . . . . . . Bothacking | -11 -10 -10 -9 -9 -9 -8 -8 -7 -7 -7 ------------ Run | Yrd Mat Min Mat Min Exi Min Mat Fac Low Dat Used RIF Installer . | . . . . . . . . . . . Robots Hacked 1 | . . . . . . . . 1 . . Non-combat . | . . . . . . . . . . . Combat 1 | . . . . . . . . 1 . . Robot Hacks Applied 1 | . . . . . . . . 1 . . parse_system 1 | . . . . . . . . 1 . . Relay Couplers Released . | . . . . . . . . . . . Fabnet Peak Effective % . | . . . . . . . . . . . Robots Rewired 1 | . . . . . . . . . 1 . Allies Hacked . | . . . . . . . . . . . Hacks Repelled . | . . . . . . . . . . . Allies | -11 -10 -10 -9 -9 -9 -8 -8 -7 -7 -7 -------- Run | Yrd Mat Min Mat Min Exi Min Mat Fac Low Dat Total Allies 1 | . . . . . . . . . 1 . Largest Group 1 | . . . . . . . . . 1 1 Highest-Rated Group 16 | . . . . . . . . . 16 16 Highest-Rated Ally 16 | . . . . . . . . . 16 16 Total Orders . | . . . . . . . . . . . Ally Attacks 13 | . . . . . . . . . . 13 Total Damage 86 | . . . . . . . . . . 86 Kills . | . . . . . . . . . . . Allies Corrupted . | . . . . . . . . . . . Allies Melted . | . . . . . . . . . . . Intel | -11 -10 -10 -9 -9 -9 -8 -8 -7 -7 -7 ------- Run | Yrd Mat Min Mat Min Exi Min Mat Fac Low Dat Active Infowar (turns) 5801 | 50 1299 896 . . . . 2851 705 . . Optics 3556 | . . . . . . . 2851 705 . . Seismic 2245 | 50 1299 896 . . . . . . . . Robot Analysis Total 1 | . . . 1 . . . . . . . Derelict Logs Recovered 4 | . . 2 . 1 . . . . 1 . Drone Launches . | . . . . . . . . . . . Drone Recoveries . | . . . . . . . . . . . Exploration | -11 -10 -10 -9 -9 -9 -8 -8 -7 -7 -7 ------------- Run | Yrd Mat Min Mat Min Exi Min Mat Fac Low Dat Turns Passed 15582 | 119 1299 928 2568 1024 609 461 3555 3422 1427 170 Spaces Moved 7274 | 54 905 728 1254 699 467 359 1201 1021 518 68 Core 3 | 3 . . . . . . . . . . Treads 2897 | 51 80 . 131 . . . 1028 1021 518 68 Legs . | . . . . . . . . . . . Wheels 4374 | . 825 728 1123 699 467 359 173 . . . Hover . | . . . . . . . . . . . Flight . | . . . . . . . . . . . Fastest Speed 50 | 50 105 107 90 115 130 115 120 250 247 246 Average Speed 169 | 153 112 107 139 121 130 116 235 250 247 246 Slowest Speed 570 | 160 160 107 320 170 130 130 570 330 250 247 Overloaded Moves . | . . . . . . . . . . . Propulsion Burnouts . | . . . . . . . . . . . Robots Hopped . | . . . . . . . . . . . Potential Cave-ins . | . . . . . . . . . . . Cave-ins Triggered . | . . . . . . . . . . . Exploration Rate (%) 68 | 4 100 96 87 80 90 66 75 18 63 75 Regions Visited 10 Branch Regions 6 Pre-discovered Areas 3 | . . 2 . . . . . . . 1 Known Exits Taken 1 | . . . . . . . . 1 . . Unknown Exits Taken 9 | 1 1 1 1 1 1 1 1 . 1 . Scrap Searched 7 | . . 1 . 1 . 1 . . 4 . Spaces Dug 14 | . . . . . . . 3 11 . . Terrain Destroyed 156 | . 12 13 16 2 . . 60 47 6 . Melee . | . . . . . . . . . . . Projectile 89 | . . 13 14 2 . . 60 . . . AOE 67 | . 12 . 2 . . . . 47 6 . Terrain Rammed . | . . . . . . . . . . . Walls Destroyed . | . . . . . . . . . . . Machines Disabled . | . . . . . . . . . . . Actions | -11 -10 -10 -9 -9 -9 -8 -8 -7 -7 -7 --------- Run | Yrd Mat Min Mat Min Exi Min Mat Fac Low Dat Total 9595 | 80 1066 838 1826 822 469 398 1683 1725 619 69 Wait 1511 | 12 51 78 336 89 . 36 282 567 60 . Move 7264 | 53 904 727 1253 698 466 358 1200 1020 517 68 Hop . | . . . . . . . . . . . Pick Up 104 | 3 18 4 38 1 1 1 26 9 3 . Fast Attach 34 | 6 2 . 10 . . . 10 5 1 . Attach 30 | 1 3 . 5 2 . . 8 8 3 . Detach 2 | . . . . . . . . . 2 . Swap 83 | 2 12 3 21 2 1 1 13 24 4 . Drop 76 | . 2 5 29 2 1 1 19 14 3 . Fire 441 | 3 66 21 132 28 . 1 96 76 17 1 Melee 3 | . . . . . . . . . 3 . Ram 1 | . . . 1 . . . . . . . Kick . | . . . . . . . . . . . Crush 37 | . . . 1 . . . 29 1 6 . Escape Stasis . | . . . . . . . . . . . Rewire 1 | . . . . . . . . 1 . . Trap 8 | . 8 . . . . . . . . . Miscellaneous . | . . . . . . . . . . . Route ------- -11/Scrapyard -10/Materials (discovered 5 exits: *Mat x3 / [*Min] / [*Sub]) -10/Mines (discovered 3 exits: *Mat x2 / [*Sub]) -9/Materials (discovered 6 exits: *Mat x2 / [*Min x2] / [*Sto x2]) -9/Mines (discovered 2 exits: *Mat / *Exi) -9/Exiles (discovered 2 exits: [*Min x2]) -8/Mines -8/Materials (discovered 3 exits: *Fac x3) -7/Factory (discovered 2 exits: *Low x2) -7/Lower Caves -7/Data Miner (discovered 1 exit: [*Pro]) History --------- Turn | Location | Event 4 | -11/Scrapyard | Discovered new exit (range 16) 120 | -11/Scrapyard | Entered Materials 316 | -10/Materials | Build established: Mutant 329 | -10/Materials | Discovered new exit (range 15) 450 | -10/Materials | Discovered new exit (range 8) 602 | -10/Materials | Discovered new exit (range 12) 820 | -10/Materials | Derelicts attacked the area 855 | -10/Materials | Discovered new exit (range 9) 972 | -10/Materials | Discovered new exit (range 6) 1090 | -10/Materials | Core integrity fell below 50% 1106 | -10/Materials | Lost 4 parts (1p1n2w) 1404 | -10/Materials | Build established: Scavenger-Mutant 1419 | -10/Materials | Entered Mines 1607 | -10/Mines | Discovered new exit (range 6) 1708 | -10/Mines | A weapon hastily lodged in a ceiling crevice suddenly fell to the ground 1817 | -10/Mines | Received a Rocket Launcher from a helpful Derelict 1938 | -10/Mines | Learned location of Zion (-6) 2183 | -10/Mines | Discovered new exit (range 7) 2256 | -10/Mines | Core integrity fell below 20% 2335 | -10/Mines | Discovered new exit (range 13) 2347 | -10/Mines | Entered Materials 2347 | -9/Materials | Evolved 2 slots: Propulsion x1, Utility x1 2502 | -9/Materials | Discovered new exit (range 7) 2903 | -9/Materials | Discovered new exit (range 6) 2941 | -9/Materials | Discovered new exit (range 16) 3390 | -9/Materials | Build established: Mutant 3473 | -9/Materials | Discovered new exit (range 16) 3881 | -9/Materials | Discovered new exit (range 4) 3988 | -9/Materials | Discovered new exit (range 4) 4195 | -9/Materials | Repaired Slug Cannon 4222 | -9/Materials | Repaired Hcp. Storage Unit 4352 | -9/Materials | Repaired Hvy. EM Pulse Gun 4392 | -9/Materials | Repaired Hrd. Medium Armor Plating 4702 | -9/Materials | Repaired Hvy. Ion Engine 4915 | -9/Materials | Entered Mines 5141 | -9/Mines | Assembled infested the area 5155 | -9/Mines | Learned Materials security intel 5448 | -9/Mines | Core integrity fell below 50% 5831 | -9/Mines | Discovered new exit (range 11) 5923 | -9/Mines | Deemed a non-threat by the Exiles lab entrance 5925 | -9/Mines | Discovered new exit (range 5) 5939 | -9/Mines | Entered Exiles 5958 | -9/Exiles | Discovered new exit (range 15) 5997 | -9/Exiles | Met 8R-AWN 6015 | -9/Exiles | Met EX-HEX 6087 | -9/Exiles | Met EX-DEC 6107 | -9/Exiles | Visited The Gauntlet 6302 | -9/Exiles | Met EX-BIN 6337 | -9/Exiles | Aligned with FarCom system 6339 | -9/Exiles | Given EX-Vault access code 6383 | -9/Exiles | Opened EX-Vault 6393 | -9/Exiles | Found Cloak of Protection 6417 | -9/Exiles | Warned to stay clear of 0b10 Research branches 6533 | -9/Exiles | Discovered new exit (range 14) 6548 | -9/Exiles | Left Exiles lab with Cloak of Protection 6548 | -9/Exiles | Entered Mines 6767 | -8/Mines | Discovered new exit (range 4) 7009 | -8/Mines | Entered Materials 7009 | -8/Materials | Evolved 2 slots: Utility x1, Weapon x1 7279 | -8/Materials | Core integrity fell below 50% 7652 | -8/Materials | Repaired Minigun 7708 | -8/Materials | Repaired Arm. Treads 7753 | -8/Materials | Repaired Slug Cannon 7835 | -8/Materials | Garrison activated, responded to threat 8023 | -8/Materials | Discovered new exit (range 15) 8056 | -8/Materials | Build established: Skirmisher 8884 | -8/Materials | Discovered new exit (range 16) 9945 | -8/Materials | Core integrity fell below 20% 9969 | -8/Materials | Lost 4 parts (1n3w) 10212 | -8/Materials | Build established: Mutant 10464 | -8/Materials | Discovered new exit (range 4) 10564 | -8/Materials | Entered Factory 10564 | -7/Factory | Evolved 2 slots: Propulsion x1, Utility x1 10680 | -7/Factory | Build established: Skirmisher 11150 | -7/Factory | Identified exit to Lower Caves 11286 | -7/Factory | Build established: Hacker-Skirmisher 11635 | -7/Factory | Build established: Hacker-Tank 12058 | -7/Factory | Build established: Hacker-Skirmisher 13403 | -7/Factory | Repaired Arm. Treads 13492 | -7/Factory | Repaired Broken Prc. Shock Rifle 13986 | -7/Factory | Entered Lower Caves 14277 | -7/Lower Caves | Build established: Hacker-Gunner 14806 | -7/Lower Caves | Learned 4 Factory zone layouts 15230 | -7/Lower Caves | Build established: Tank 15359 | -7/Lower Caves | A Derelict revealed a hidden shortcut to meet someone special 15413 | -7/Lower Caves | Entered Data Miner 15413 | -7/Data Miner | Accompanied by 1 ally 15413 | -7/Data Miner | Discovered new exit (range 6) 15460 | -7/Data Miner | Met Data Miner 15520 | -7/Data Miner | Data Conduit disabled 15532 | -7/Data Miner | Learned location of Section 7 (-2) 15532 | -7/Data Miner | Acquired the access code to Warlord's prototype stash 15583 | -7/Data Miner | Self-destructed Last Messages --------------- Downloading schematic... Antimatter Reactor Rating: 7 Schematic downloaded. >>Prototype ID Bank Downloading prototype IDs... Imp. Airjet Shock Maul >>Prototype ID Bank Downloading prototype IDs... Hvy. Particle Gun Adv. EMP Blaster >>Prototype ID Bank Downloading prototype IDs... Scatter Rocket Array Imp. Airjet 15559_ ORACLE Interface goes dark. 15570_ System corrupted: Matter fused (-8). 15570_ Arm. Treads destroyed. 15583_ Trooper 4a destroyed. Map ----- +----------------------------------------------------+ | | | | | | | | | | | | | | | | | ????????????????????????????????????????? | | ????????????????????????????????????????? | | ????????????????????????????????????????? | | ????????????????????????????????????????? | | ?????????????????????????????????????#### | | ??????###############??????????????### # | | ??????"""""""" """""######?#??????## # | | ?????"""""""" """"""""# ######## < ## | | ????""""""""" # | | ????"""""" | | ????"""""" | | ????""""" g | | ????"""""" | | ????"""""" """"""""""""""""# | | ????""""""" """"############### | | ?????"""""" """""###?????????????? | | ??????""""""" g "#####???????????????? | | ??????######"## @ g"#???????????????????? | | ???????????#"##; #???????????????????? | | ???????????#"### #???????????????????? | | ???????????#"## #???????????????????? | | ???????????#"## "#???????????????????? | | ?????????????# #???????????????????? | | ?????????????##; "#???????????????????? | | ?????????????? ; "##??????????????????? | | ?????????????##; % ""#??????????????????? | | ???????????#?## ""#??????????????????? | | ??????????##"#" ""#??????????????????? | | ??????????""""" "####???????????????? | | ??????????"""" X"""""???????????????? | | ??????????##"#"X "##"#???????????????? | | ???????????#?## X""""#???????????????? | | ??????????????## "##"#???????????????? | | ???????????????#######??????????????????? | | ????????????????????????????????????????? | | ????????????????????????????????????????? | | ????????????????????????????????????????? | | ????????????????????????????????????????? | | ????????????????????????????????????????? | | ????????????????????????????????????????? | | ????????????????????????????????????????? | | ????????????????????????????????????????? | +----------------------------------------------------+ Best States ------------- Heat Dissipation 34 Energy Generation 16 Energy Capacity 290 Matter Stores 300 Matter Capacity 300 Sight Range 18 Terrain Scan Density 10 Armor Coverage 225 Propulsion Shielding 66 Utility Shielding 33 Evasion (%) 41 Core Analysis 6 Recoil Reduction 4 Offensive Hacking 10 Defensive Hacking 10 Item Schematics ----------------- Combat Drone Bay | -7/Data Miner | Free Lgt. Regenerative Plating | -7/Data Miner | Free Gravity Neutralizer | -7/Data Miner | Free Multireflex Exoskeleton | -7/Data Miner | Free Imp. Heavy Laser | -7/Data Miner | Free Arm. Medium Treads | -7/Data Miner | Free Imp. Kinecellerator | -7/Data Miner | Free Disruptor Cannon | -7/Data Miner | Free Hyp. Gauss Rifle | -7/Data Miner | Free Adv. Actuator Array | -7/Data Miner | Free Antimatter Reactor | -7/Data Miner | Free Robot Schematics ------------------ A-15 Conveyor | -7/Data Miner | Free E-15 Imp | -7/Data Miner | Free G-50 Soldier | -7/Data Miner | Free M-14 Sweeper | -7/Data Miner | Free Fabricated ------------ Nothing Repaired ---------- Slug Cannon | 38% | -9/Materials Hcp. Storage Unit | 60% | -9/Materials Hvy. EM Pulse Gun | 24% | -9/Materials Hrd. Medium Armor Plating | 70% | -9/Materials Hvy. Ion Engine | 67% | -9/Materials Minigun | 61% | -8/Materials Arm. Treads | 38% | -8/Materials Slug Cannon | 36% | -8/Materials Arm. Treads | 22% | -7/Factory Prc. Shock Rifle | 82% | -7/Factory | Broken Alien Tech Used ----------------- None Achievements -------------- Fist Fight The Oracle Challenges ------------ None Game ------ Seed AutogunMetafiberField Manual? 0 Play Time 01:39:33 Cumulative 17.7 hours Start 2025.06.05 @ 14:37:51 End 2025.06.05 @ 16:57:15 Sessions 1 Manual Loads 0 Difficulty Rogue Special Mode None Game No. 25 Rogue 25 Adventurer 0 Explorer 0 Win Type - Total 0 Types 0/0/0/0/0/0/0/0/0/0 Lore% 31 Gallery% 21 Achievement% 28 Wizard Run 0 Options --------- Layout 1 ASCII 0 Keyboard 0 Movement Numpad Keybinds 0 Fullscreen 2 Font 24/Smallcaps Map View 50x35 Zoom Use 0% Tactical HUD 1 Map Filters NONE Filters NONE Steam 1 RUN: 16c80f1c-c7d3-43e8-8da0-e99e38a37c8d